 Dungeon Crawl Stone Soup version 0.31-a0-845-g9abc20d24f (webtiles) character file.

Game seed: 4535905082741371790

46 randomguy2701 the Nimble (level 3, 0/28 HPs)
             Began as a Gnoll Wanderer on Oct 3, 2023.
             Was a Follower of Sif Muna.
             Slain by a goblin
             ... wielding a +0 dagger
             ... led by Robin
              (1 damage)
             ... on level 2 of the Dungeon.
             The game lasted 00:01:28 (881 turns).

randomguy2701 the Nimble (Gnoll Wanderer)            Turns: 881, Time: 00:01:29

Health: 0/28       AC:  3    Str: 10    XL:     3   Next: 66%
Magic:  7/7        EV: 15    Int: 10    God:    Sif Muna [*.....]
Gold:   57         SH:  0    Dex: 15    Spells: 7/7 levels left

rFire   . . .        a - +0 falchion
rCold   . . .        (no shield)
rNeg    . . .        c - +0 leather armour
rPois   .            (no helmet)
rElec   .            (no cloak)
rCorr   .            (no gloves)
SInv    .            (no boots)
Will    .....        l - amulet of magic regeneration
Stlth   ++           (no ring)
HPRegen 0.24/turn    (no ring)
MPRegen 0.50/turn

%: no passive effects
@: no status effects
A: fangs 1, strong nose, distributed training
a: Renounce Religion, Channel Magic


You were on level 2 of the Dungeon.
You worshipped Sif Muna.
Sif Muna was aware of your devotion.
You visited 1 branch of the dungeon, and saw 2 of its levels.

You collected 57 gold pieces.

Inventory:

Hand Weapons
 a - a +0 falchion (weapon)
Missiles
 b - 2 throwing nets (quivered)
Armour
 c - a +0 leather armour (worn)
Jewellery
 l - an amulet of magic regeneration (around neck)
Wands
 d - a wand of polymorph (3)
Scrolls
 g - a scroll of noise {unknown}
 i - 3 scrolls of identify {unknown}
 j - a scroll of teleportation {unknown}
 n - a scroll of fog {unknown}
Potions
 e - a potion of berserk rage
 f - a potion of heal wounds {unknown}
 h - a potion of curing {unknown}
 k - a potion of brilliance {unknown}
 m - a potion of cancellation {unknown}


   Skills:
 + Level 2.6 Fighting
 + Level 0.9 Short Blades
 + Level 4.5 Long Blades
 + Level 0.9 Axes
 + Level 0.9 Maces & Flails
 + Level 0.9 Polearms
 + Level 0.9 Staves
 + Level 0.9 Ranged Weapons
 + Level 0.9 Throwing
 + Level 0.9 Armour
 + Level 8.5 Dodging
 + Level 2.4 Stealth
 + Level 0.9 Shields
 + Level 0.9 Unarmed Combat
 + Level 2.8 Spellcasting
 + Level 0.6 Conjurations
 + Level 0.6 Hexes
 + Level 0.6 Summonings
 + Level 0.6 Necromancy
 + Level 0.6 Translocations
 + Level 0.6 Transmutations
 + Level 0.6 Fire Magic
 + Level 0.6 Ice Magic
 + Level 0.6 Air Magic
 + Level 0.6 Earth Magic
 + Level 0.6 Poison Magic
 + Level 1.0 Invocations
 + Level 2.6 Evocations
 + Level 0.7 Shapeshifting


You had 7 spell levels left.
You didn't know any spells.
Your spell library was empty.

Dungeon Overview and Level Annotations

Branches:
Dungeon (2/15)

Altars:
Sif Muna

Annotations:
D:2 Robin


Innate Abilities, Weirdness & Mutations

You have very sharp teeth.
Your uncanny sense of smell can sniff out nearby items.
Your experience applies equally to all skills.


Message History

The adder closely misses you. The hobgoblin barely misses you.
The goblin closely misses you.
Robin roars a battlecry!
The goblins go into a battle-frenzy!
The hobgoblin shouts!
You hit the adder.
You kill the adder!
Sif Muna accepts your kill. The hobgoblin hits you.
The goblin hits you but does no damage. x2
You closely miss the goblin. The goblin closely misses you.
The hobgoblin closely misses you. The goblin closely misses you. x2
You slash the goblin!
You kill the goblin!
Sif Muna accepts your kill. The goblin misses you.
The goblin hits you with a +0 dagger. Robin throws the goblin at you!
The goblin hits you with a +0 club.
A hobgoblin comes into view.
The goblin closely misses you. The hobgoblin misses you.
You hit the goblin but do no damage. The goblin hits you with a +0 dagger.
The goblin closely misses you. The goblin barely misses you.
Robin roars a battlecry!
The goblin goes into a battle-frenzy!
The goblin misses you. The hobgoblin misses you. The goblin barely misses you.
You barely miss the goblin.
The goblin hits you with a +0 dagger. x2
* * * LOW HITPOINT WARNING * * *
The goblin misses you. The goblin hits you with a +0 club.
* * * LOW HITPOINT WARNING * * *
The hobgoblin barely misses you. The goblin barely misses you.
You hit the goblin.
The goblin is severely wounded.
The goblin hits you with a +0 dagger.
* * * LOW HITPOINT WARNING * * *
The goblin hits you but does no damage. The hobgoblin misses you.
The goblin completely misses you. The goblin misses you.
The goblin barely misses you.
You hit the goblin.
You kill the goblin!
Sif Muna accepts your kill. The goblin hits you with a +0 dagger.
You die...

####........
#........
#######...#####
..........#
########.## #.#
#.# ##)## #g@g#


#ggg# #ggg.. ∆ #.g..... .......... ........... .....?..... #.#......... You
could see Robin, 3 hobgoblins and 5 goblins.

Vanquished Creatures
  A gnoll (D:1)
  An adder (D:2)
  A dart slug (D:1)
  An endoplasm (D:1)
  A giant cockroach (D:1)
  5 goblins
  3 hobgoblins (D:1)
  3 jackals (D:1)
  3 quokkas (D:1)
  A bat (D:1)
  A frilled lizard (D:1)
  3 rats (D:1)
24 creatures vanquished.

Notes
Turn   | Place    | Note
-------+----------+-------------------------------------------
     0 | D:1      | randomguy2701 the Gnoll Wanderer began the quest for the
                  | Orb.
     0 | D:1      | randomguy2701 set off with the following items: a +0
                  | falchion, 2 throwing nets, a +0 leather armour, a wand of
                  | polymorph (3), a potion of berserk rage.
     0 | D:1      | Reached XP level 1. HP: 17/17 MP: 4/4
   121 | D:1      | Reached XP level 2. HP: 23/23 MP: 5/5
   151 | D:1      | Found a faded altar of an unknown god.
   259 | D:1      | Reached XP level 3. HP: 28/28 MP: 7/7
   289 | D:1      | Prayed at the altar of an unknown god.
   289 | D:1      | Became a worshipper of Sif Muna the Loreminder
   289 | D:1      | Reached * piety under Sif Muna
   787 | D:1      | Reached skill level 1 in Invocations
   870 | D:2      | Noticed Robin
   880 | D:2      | HP: 1/28 [goblin/+0 dagger[Robin] (2)]
   881 | D:2      | Slain by a goblin

Illustrated notes

Levels and vault maps discovered:
D:1:      nzn_arrival_settlement, layout_basic, basic_ecumenical_altar
D:2:      layout_loops_cross, lexackson_kobold_supper, uniq_robin

Skill      XL: |  1  2  3 |
---------------+----------+-----
Invocations    | 1 |  1.0
Fighting       | |  2.6
Short Blades   | |  0.9
Long Blades    | |  4.5
Axes           | |  0.9
Maces & Flails | |  0.9
Polearms       | |  0.9
Staves         | |  0.9
Ranged Weapons | |  0.9
Throwing       | |  0.9
Armour         | |  0.9
Dodging        | |  8.5
Stealth        | |  2.4
Shields        | |  0.9
Unarmed Combat | |  0.9
Spellcasting   | |  2.8
Conjurations   | |  0.6
Hexes          | |  0.6
Summonings     | |  0.6
Necromancy     | |  0.6
Translocations | |  0.6
Transmutations | |  0.6
Fire Magic     | |  0.6
Ice Magic      | |  0.6
Air Magic      | |  0.6
Earth Magic    | |  0.6
Poison Magic   | |  0.6
Evocations     | |  2.6
Shapeshifting  | |  0.7

Action                     || total
---------------------------++-------
  Melee: Falchion          ||    86
         Bite              ||    11
         Punch             ||     1
   Stab: Sleeping          ||     2
 Armour: Leather armour    ||    42
  Dodge: Dodged            ||    85

Table legend: (Time is in decaauts)
 A = Elapsed time spent in this place.
 B = Non-inter-level travel time spent in this place.
 C = Inter-level travel time spent in this place.
 D = Time resting spent in this place.
 E = Time spent auto-exploring this place.
 F = Levels seen in this place.
 G = Mean time per level.
                   A        B        C        D        E       F      G
               +--------+--------+--------+--------+--------+-----+--------+
         Total |    887 |    834 |     53 |      0 |    653 |   2 |  443.5 |
       Dungeon |    887 |    834 |     53 |      0 |    653 |   2 |  443.5 |
               +--------+--------+--------+--------+--------+-----+--------+

Top non-repeatable levels by time:
     D:1: 857 daAuts
     D:2: 30 daAuts
